 Dungeon Crawl Stone Soup version 0.29.1-12-g30fa7ad0bf (webtiles) character file.

Game seed: 1901768820222276823

78 hawla the Chiller (level 4, 0/33 HPs)
             Began as a Meteoran Ice Elementalist on Dec 24, 2022.
             Slain by an orc
             ... wielding a +2 vorpal flail
              (2 damage)
             ... on level 3 of the Dungeon.
             The game lasted 00:02:55 (390 turns).

hawla the Chiller (Meteoran Ice Elementalist)        Turns: 390, Time: 00:02:55

Health: 0/33       AC:  2    Str: 10    XL:     4   Next: 93%
Magic:  11/11      EV: 12    Int: 18    God:
Gold:   44         SH:  0    Dex: 14    Spells: 7/11 levels left

rFire   . . .      SeeInvis .   (no weapon)
rCold   . . .      Faith    .   (no shield)
rNeg    . . .      Spirit   .   a - +0 robe
rPois   .          Reflect  .   (no helmet)
rElec   .          Harm     .   (no cloak)
rCorr   .          Rampage  .   (no gloves)
Will    .....                   (no boots)
Stlth   +.........              (no amulet)
HPRegen 0.11/turn               (no ring)
MPRegen 0.12/turn               (no ring)

@: confused, ambrosia-drunk, glowing
A: sense surroundings 1, otherworldly, glowing, explore regen
a: no special abilities


You were on level 3 of the Dungeon.
You visited 1 branch of the dungeon, and saw 3 of its levels.

You collected 44 gold pieces.

Inventory:

Armour
 a - a +0 robe (worn)
Potions
 b - a potion of magic


   Skills:
 + Level 2.5 Dodging
 - Level 1.4 Stealth
 + Level 4.2 Spellcasting
 + Level 5.4 Ice Magic


You had 7 spell levels left.
You knew the following spells:

 Your Spells              Type           Power      Damage    Failure   Level
a - Freeze                Ice            92%        1d10      1%          1
b - Frozen Ramparts       Ice            46%        1d7       4%          3

Your spell library contained the following spells:

 Spells                   Type           Power      Damage    Failure   Level
 Ozocubu's Armour         Ice            23%        N/A       4%          3
 Hailstorm                Conj/Ice       13%        3d5       43%         4


Dungeon Overview and Level Annotations

Branches:
Dungeon (3/15) Zot: 1408

Altars:


Innate Abilities, Weirdness & Mutations

You passively map a small area around you.
You are easily found by Zot.
You glow in the dark.
You regain HP and MP as you explore.


Message History

Confirm with . or Enter, or press ? or * to list all spells.
Aiming: Freeze (safe; 1% risk of failure)
Press: ? - help, Shift-Dir - straight line, f - orc
Aim: an orc, wielding a +0 war axe You freeze the orc!
You kill the orc!
The orc hits you but does no damage.
Unknown command.
Casting: Freeze (safe; 1% risk of failure)
Confirm with . or Enter, or press ? or * to list all spells.
Aiming: Freeze (safe; 1% risk of failure)
Press: ? - help, Shift-Dir - straight line, f - orc
Aim: an orc, wielding a +0 dagger and wearing a +0 chain mail You freeze the orc!
The orc is almost dead.
The orc hits you with a +0 dagger.
Unknown command.
Casting: Freeze (safe; 1% risk of failure)
Confirm with . or Enter, or press ? or * to list all spells.
Aiming: Freeze (safe; 1% risk of failure)
Press: ? - help, Shift-Dir - straight line, f/p - orc
Aim: an orc, wielding a +0 dagger and wearing a +0 chain mail (almost dead)
You freeze the orc.
You kill the orc!
Unknown command.
Casting: Freeze (safe; 1% risk of failure)
Confirm with . or Enter, or press ? or * to list all spells.
Aiming: Freeze (safe; 1% risk of failure)
Press: ? - help, Shift-Dir - straight line, f - orc
Aim: an orc, wielding a +2 vorpal flail You freeze the orc.
The orc is almost dead.
The orc hits you with a +2 vorpal flail.
* * * LOW HITPOINT WARNING * * *
x2 It was a potion of ambrosia.
You are confused.
You feel invigorated.
The orc hits you with a +2 vorpal flail.
* * * LOW HITPOINT WARNING * * *
You die...

, ### *
). , ,
,+(. ,,,
* *##* *
. * ,
..####.,
,, ....#
, ,#)o#
, ,*#@#
* , , *
#)# * ,
,, ... *
** ##..#
~ ~~
.#.# ~ ~
.*.# , .
.. ,,
***#.
#.* * ,
,


You could see an orc.

Vanquished Creatures
  An orc priest (D:2)
  An orc wizard (D:2)
  A worm (D:2)
  2 orcs (D:3)
  An endoplasm (D:2)
  A goblin (D:1)
  3 hobgoblins
  3 kobolds (D:1)
  A quokka (D:1)
  3 bats
  A rat (D:1)
18 creatures vanquished.

Notes
Turn   | Place    | Note
-------+----------+-------------------------------------------
     0 | D:1      | hawla the Meteoran Ice Elementalist began the quest for the
                  | Orb.
     0 | D:1      | Reached XP level 1. HP: 14/14 MP: 5/5
    37 | D:1      | Reached XP level 2. HP: 19/20 MP: 4/6
   285 | D:2      | Reached skill level 5 in Ice Magic
   285 | D:2      | Reached XP level 3. HP: 26/26 MP: 8/8
   289 | D:2      | Learned a level 3 spell: Frozen Ramparts
   330 | D:2      | Reached XP level 4. HP: 13/33 MP: 5/10
   390 | D:3      | Slain by an orc

Illustrated notes

Levels and vault maps discovered:
D:1:      lightli_arrival_maybe_door_vault, layout_basic, minivault_11,
          dreamdust_princess_bridge, minmay_close_crescents
D:2:      layout_basic
D:3:      minmay_recursive_quarters, layout_basic,
          nicolae_overflow_hidden_temple,
          hellmonk_ecumenical_altar_pennies_from_heaven, portal_sewer_entry_f,
          uniq_natasha

Skill      XL: |  1  2  3  4 |
---------------+-------------+-----
Spellcasting   | 3 4 |  4.2
Ice Magic      | 5 |  5.4
Dodging        | |  2.5
Stealth        | |  1.4

Action                   |  1- 3 |  4- 6 || total
-------------------------+-------+-------++-------
Melee: Unarmed           |     1 |       ||     1
 Cast: Freeze            |    27 |     5 ||    32
  Use: Scroll            |     1 |       ||     1
       Potion            |       |     1 ||     1
Armor: Robe              |     5 |     2 ||     7
Dodge: Dodged            |    13 |       ||    13
